Map: Site Delta LE

Players

Subwayeatn - Winner!

  • Race: Zerg Zerg
  • League: Diamond
  • Spawn Location: 5:00

BoilerXVI

  • Race: Zerg Zerg
  • League: Diamond
  • Spawn Location: 11:00

VOD

Have the link to the VOD?

Description

Time

  • Played on: Nov. 15, 2023, 5:33 p.m.
  • Length: 3:46
Show
View Real Time Build Order
Export as new Build Order

Subwayeatn Zerg - Winner!

Build Orders: Pool First 

Get SALT Encoding   

  12  0:00  Drone  
  13  0:08  Drone  
  13  0:12  Extractor  
  13  0:27  Spawning Pool  
  12  0:56  Hatchery  
  11  1:13  Queen  
  13  1:30  Metabolic Boost  
  13  1:33  Overlord  
  13  1:38  Zergling x2  
  14  1:52  Zergling x4  
  16  2:03  Zergling x2  
  16  2:06  Zergling x2  
  18  2:10  Queen  
  20  2:15  Zergling x2  
  21  2:24  Zergling x2  
  21  2:25  Zergling x2  
  21  2:29  Zergling x2  
  24  2:37  Zergling x2  
  24  2:38  Zergling x2  
  24  2:42  Zergling x2  
  27  2:46  Zergling x2  
  27  3:18  Zergling x2  
  27  3:19  Zergling x4  
Show
View Real Time Build Order
Export as new Build Order

BoilerXVI Zerg 

Build Orders: Hatch First 

Get SALT Encoding   

  12  0:00  Drone  
  13  0:12  Overlord  
  13  0:17  Drone  
  14  0:34  Drone x2  
  14  0:35  Drone  
  17  0:52  Hatchery  
  17  0:55  Drone  
  17  0:58  Drone  
  17  1:02  Extractor  
  17  1:18  Spawning Pool  
  17  1:20  Overlord  
  17  1:23  Drone  
  17  1:28  Drone  
  18  1:39  Drone  
  19  1:54  Drone  
  20  2:04  Queen  
  20  2:05  Queen  
  20  2:06  Drone  
  25  2:09  Drone  
  25  2:14  Drone  
  27  2:16  Drone  
  27  2:18  Metabolic Boost  
  28  2:23  Drone  
  28  2:29  Drone  
  30  2:33  Drone  
  31  2:37  Zergling x2  
  32  2:45  Overlord  
  32  2:51  Zergling x2  
  32  2:57  Evolution Chamber  
  32  2:59  Evolution Chamber  
  32  3:04  Zergling x6  
  32  3:09  Queen  
  32  3:10  Zergling x2  
  28  3:18  Zergling x8  
Tags
 
Add a new tag
Caveats
  • Supply blocks, unpowered buildings, or Contaminate may cause inaccurate times.
  • Supply counts are checked every 10 seconds.